 Dungeon Crawl Stone Soup version 0.19-a0-517-gd6a9987 (webtiles) character file.

691302 MrRokkomies the Wrestler (level 27, -1/259 HPs)
             Began as a Troll Monk on May 31, 2016.
             Was the Champion of Hepliaklqana.
             Killed from afar by an orb of fire (37 damage)
             ... with a fireball
             ... on level 5 of the Realm of Zot on June 6, 2016.
             The game lasted 04:39:25 (68492 turns).

MrRokkomies the Wrestler (Troll Monk)              Turns: 68492, Time: 04:39:26

Health: -1/259     AC: 26    Str: 27    XL:     27
Magic:  33/33      EV: 25    Int:  9    God:    Hepliaklqana [******]
Gold:   1707       SH: 25    Dex: 19    Spells: 3 memorised, 22 levels left

rFire  + . .     SeeInvis .     p - +4 rod of shadows (0/10)
rCold  + . .     Gourm    +     k - +6 mottled dragon armour
rNeg   . . .     Faith    .     j - +2 large shield {rC+}
rPois  .         Spirit   .     J - +2 hat
rElec  +         Dismiss  .     X - +2 cloak of Starlight {rElec rC+ EV+4 Stlth--}
rCorr  .         Reflect  +     (gloves unavailable)
SustAt .         Harm     .     (boots unavailable)
MR     ++...                    a - +4 amulet of reflection
Stlth  ..........               r - +6 ring of slaying
                                m - ring of fire

@: very resistant to hostile enchantments, extremely unstealthy
A: unfitting armour, claws 3, horns 1, rough black scales 1, agile 1, fast
metabolism 3, frail 1, gourmand, regeneration 3, shaggy fur 1, tough skin 2
a: Recall Ancestor, Ancestor Identity, Transference, Idealise, Renounce Religion
}: 5/15 runes: barnacled, slimy, silver, abyssal, gossamer


You were on level 5 of the Realm of Zot.
You worshipped Hepliaklqana.
Hepliaklqana was exalted by your worship.
You were full.

You visited 12 branches of the dungeon, and saw 61 of its levels.
You visited the Abyss 2 times.
You also visited: Trove, Volcano and Wizlab.

You collected 8247 gold pieces.
You spent 6540 gold pieces at shops.

Inventory:

Missiles
 i - 100 large rocks (quivered)
 t - 20 javelins of penetration
Armour
 j - a +2 large shield of cold resistance (worn)
 k - a +6 mottled dragon armour (worn)
 J - a +2 hat (worn)
 X - the +2 cloak of Starlight (worn) {rElec rC+ EV+4 Stlth--}
   (You found it on level 4 of the Depths)

   It affects your evasion (+4).
   It protects you from cold.
   It insulates you from electricity.
   It makes you much less stealthy.
Rods
 p - a +4 rod of shadows (0/10) (in claw)
   (You found it in a wizard's laboratory)
 R - a +5 rod of clouds (13/13)
   (You bought it in a shop on level 10 of the Dungeon)
 Y - a +2 rod of shadows (11/11)
   (You found it in a wizard's laboratory)
Jewellery
 a - a +4 amulet of reflection (around neck)
 l - an uncursed ring of protection from magic
 m - a ring of fire (left claw)
 o - an uncursed ring of resist corrosion
 r - a +6 ring of slaying (right claw)
 T - an uncursed ring of poison resistance
 W - an uncursed ring of see invisible
 Z - an uncursed ring of positive energy
Wands
 A - a wand of iceblast (5/15)
 E - a wand of acid (6/15)
 L - a wand of lightning (6/15)
 O - a wand of disintegration (14/24)
 S - a wand of hasting (3/9)
Scrolls
 d - 13 scrolls of identify
 e - 21 scrolls of teleportation
 h - 37 scrolls of remove curse
 u - 2 scrolls of magic mapping
 v - a scroll of recharging
 y - 5 scrolls of holy word
 z - 2 scrolls of silence
 C - 9 scrolls of immolation
 K - 6 scrolls of blinking
 N - 11 scrolls of fear
 V - 9 scrolls of fog
Potions
 g - 6 potions of flight
 w - 5 potions of resistance
 x - 13 potions of curing
 D - 5 potions of haste
 F - 7 potions of berserk rage
 G - 5 potions of might
 M - 8 potions of agility
 P - 4 potions of invisibility
Miscellaneous
 B - a fan of gales
 H - a disc of storms
 I - 2 sacks of spiders
 Q - a lamp of fire
 U - a phial of floods
Comestibles
 b - 33 bread rations
 c - 20 meat rations
 f - 16 beef jerkies
 n - 40 fruits


   Skills:
 * Level 19.4 Fighting
 - Level 17.0 Throwing
 - Level 7.0 Armour
 - Level 16.9 Dodging
 - Level 1.1 Stealth
 - Level 9.2 Shields
 * Level 23.8 Unarmed Combat
 - Level 13.0 Invocations
 - Level 15.3 Evocations


You had 22 spell levels left.
You knew the following spells:

 Your Spells              Type           Power        Failure   Level  Hunger
a - Confusing Touch       Hex            #.....       99%         2    ###....
b - Summon Butterflies    Summ           #.......     98%         1    ##.....
c - Apportation           Tloc           #.........   98%         1    ##.....


Dungeon Overview and Level Annotations

Branches:
Dungeon (15/15)            Temple (1/1) D:7            Lair (8/8) D:11
 Shoals (4/4) Lair:3       Spider (4/4) Lair:6        Slime (6/6) Lair:8
    Orc (2/2) D:9             Elf (3/3) Orc:2        Vaults (5/5) D:13
  Crypt (3/3) Vaults:3       Tomb (0/3) Crypt:3      Depths (5/5) D:15
    Zot (5/5) Depths:5

Altars:
Ashenzari
Cheibriados
Dithmenos
Elyvilon
Fedhas
Gozag
Hepliaklqana
Kikubaaqudgha
Makhleb
Nemelex Xobeh
Okawaru
Pakellas
Qazlal
Ru
Sif Muna
Trog
Uskayaw
Vehumet
Xom
Yredelemnul
Zin
The Shining One
Beogh
Jiyva
Lugonu

Shops:
D:7 [   D:9 *   D:10 }?:(=   Orc:2 %([?   Elf:3 !   Vaults:1 (   Vaults:2 ?
Vaults:3 (=%?*   Vaults:4 (%[   Depths:3 *   Depths:4 %

Portals:
Hell: Depths:1 Depths:2 Depths:3 Depths:4 Depths:5
Abyss: Depths:2 Depths:4
Pandemonium: Depths:2 Depths:3
Ziggurat: Depths:1

Annotations:
Lair:7 exclusion: oklob plant


Innate Abilities, Weirdness & Mutations

You are too large for most types of armour.
You have claws for hands.
Your metabolism is lightning-fast.
You like to eat raw meat.
You regenerate.
You are covered in fur. (AC +1)
You have very tough skin. (AC +2)
You have a pair of small horns on your head.
You are partially covered in rough black scales. (AC +4, Dex -1)
You are agile. (Dex +2)
You are frail. (-10% HP)


Message History

The orb of fire glows bright magenta.
The bolt of fire hits Bonnie.
Bonnie resists.
Bonnie is destroyed!
The orb of fire glows red.
The bolt of fire hits you! You resist.
* * * LOW HITPOINT WARNING * * *
Okay, then.
Unknown command.
Okay, then.
Wield which item (- for none, * to show all)? (? for menu, Esc to quit)
p - a +4 rod of shadows (10/10) (in claw) Wisps of shadow whirl around you...
The orb of fire glows deep purple.
The bolt of fire hits you! You resist.
* * * LOW HITPOINT WARNING * * *
Wisps of shadow whirl around you...
The orb of fire glows deep purple.
The fireball explodes!
The fireball engulfs you! You resist.
You die...

,,,,,,,* #^^........§..# #...".
,,,,,,,* ##........§§§## #..^..
,,,,,,,* #..^....§§§§# #.....
,,,,,,,* ##.^.....§d§§## #.....
,,,,,,** #....^........# ##....
,,,,,** ##....^........## ##...
,,,,** #....[...*......# ##..
*####▓▓ ########.########▓▓▓*###
#.##.# #.###.O@...........+,,,.
#.##.# #...'O..Oe.........#***#
#.##.####.###.O.O..........# #
##.##......# #..............# #
#.....####.# #.O.O..........# #
...#### #.# #....O......†..# #
...#######.#######'###......# #
#....................'......#####
#...##.##########..###......'....


You could see an orb of fire, a purple draconian, a friendly ogre mage, a
friendly deep elf knight, a friendly two-headed ogre and 6 friendly ogres.

Vanquished Creatures
  the Royal Jelly (Slime:6)
  3 orbs of fire
  A juggernaut (Depths:2)
  Sojobo (Depths:3)
  Norris (Vaults:1)
  2 curse toes
  A Killer Klown (Zot:5)
  6 golden dragons
  Saint Roka (Elf:3)
  2 profane servitors
  Nikola (Spider:3)
  Arachne (Spider:2)
  11 tentacled monstrosities
  2 electric golems (Zot:2)
  2 liches
  10 Orb Guardians (Zot:5)
  Asterion (Depths:3)
  6 titans
  3 deep elf blademasters (Elf:3)
  3 deep elf master archers (Elf:3)
  The ghost of flinch the Severer, an adept FoFi of Uskayaw (Shoals:3)
  10 acid blobs
  3 death cobs
  2 tentacled starspawn (Abyss:3)
  5 ancient champions
  Polyphemus (Shoals:4)
  9 tengu reavers
  Kirke (Lair:6)
  2 sphinxes (Vaults:5)
  Frances (D:12)
  6 shadow dragons
  9 storm dragons
  A draconian monk (Zot:1)
  Agnes (Spider:4)
  5 azure jellies
  6 fire giants
  A greater naga (Abyss:3)
  Ilsuiw (Shoals:4)
  5 ghost moths
  Maud (Lair:6)
  Wiglaf (Spider:4)
  A draconian scorcher (Zot:2)
  12 frost giants
  A draconian knight (Zot:1)
  Aizul (Spider:1)
  A balrug (WizLab)
  3 draconian zealots
  2 orc warlords
  A cacodemon (Depths:2)
  2 iron dragons
  4 emperor scorpions
  3 draconian shifters
  6 deep elf sorcerers
  The ghost of haldagan the Severer, an adept TeFi of Cheibriados (WizLab)
  15 vault wardens
  A curse skull (Crypt:3)
  13 ironheart preservers
  A deep elf elementalist (Elf:3)
  3 draconian annihilators (Zot:1)
  6 very ugly things
  A reaper (WizLab)
  15 ghouls
  17 stone giants
  3 war gargoyles
  2 vampire knights
  4 deep elf demonologists
  3 red draconians
  10 yellow draconians
  3 green draconians
  5 spark wasps
  2 purple draconians
  8 deep elf annihilators
  4 mottled draconians
  Azrael (D:14)
  5 black draconians
  4 white draconians (Zot:1)
  7 deep elf death magi
  A pearl dragon zombie (Depths:1)
  7 eidola
  8 merfolk impalers
  12 ettins
  5 merfolk javelineers
  A mummy priest (Crypt:3)
  3 jiangshi
  A crystal guardian (Depths:4)
  4 death oozes (Slime:6)
  30 vault guards
  4 deep elf high priests
  17 yaktaur captains
  11 fire dragons
  11 great orbs of eyes
  4 entropy weavers
  A hell beast (WizLab)
  9 hydras
  10 ice dragons
  An alligator snapping turtle (Shoals:4)
  The ghost of haldagan the Martial Artist, a journeyman DsMo of Cheibriados (D:11)
  8 centaur warriors
  8 ogre magi
  A spriggan air mage (Depths:3)
  A merfolk avatar (Shoals:3)
  22 dancing weapons
  2 alligators (Shoals:3)
  3 satyrs
  5 death knights
  4 merfolk aquamancers
  3 vampire magi
  A queen ant (Lair:3)
  2 hell hogs (D:15)
  20 death yaks
  3 thrashing horrors
  A titan zombie (Crypt:3)
  8 deep troll shamans
  2 tengu warriors
  9 deep troll earth magi
  A spriggan berserker (D:15)
  A shock serpent (Depths:4)
  2 orc high priests (Orc:2)
  A storm dragon zombie (Crypt:3)
  3 iron trolls (Depths:5)
  24 deep elf knights
  2 sun demons
  2 fire crabs
  19 skeletal warriors
  A shadow wraith (Abyss:2)
  A storm dragon skeleton (Crypt:1)
  An anaconda zombie (Crypt:3)
  A ghost moth zombie (Crypt:3)
  7 hell knights
  2 wretched stars
  An unseen horror (D:12)
  An unseen horror (shapeshifter) (Vaults:5)
  A giant orange brain (shapeshifter) (Vaults:4)
  21 deep trolls
  5 flayed ghosts
  8 sea snakes
  14 ironbrand convokers
  2 swamp dragons (Abyss:3)
  14 deep elf archers
  A swamp dragon (shapeshifter) (Vaults:2)
  2 giant orange brains
  3 hill giants
  Pikel (D:9)
  8 harpies
  3 necromancers
  13 phantasmal warriors
  A fire giant zombie (Crypt:3)
  8 orc knights
  A wizard (Vaults:2)
  10 orc sorcerers
  19 wolf spiders
  49 deep elf magi
  5 manticores
  A faun (Shoals:3)
  6 cyclopes
  A faun (shapeshifter) (Vaults:2)
  8 orb spiders
  8 hornets
  2 frost giant zombies
  2 salamanders
  3 elephants (Lair:8)
  18 moths of wrath
  2 toenail golems (Volcano)
  A worldbinder (Abyss:1)
  3 apis skeletons (Depths:1)
  26 ugly things
  Maurice (D:9)
  A shock serpent zombie (Crypt:1)
  9 griffons
  A siren (Shoals:4)
  6 black mambas
  2 apocalypse crabs (Abyss:3)
  2 smoke demons (Abyss:2)
  15 vault sentinels
  A dire elephant zombie (Crypt:1)
  A guardian serpent (Lair:8)
  Psyche (D:12)
  2 torpor snails
  A gargoyle (D:10)
  An eye of devastation (Slime:6)
  A molten gargoyle (Volcano)
  11 spiny frogs
  2 kobold demonologists
  An orange demon (WizLab)
  The ghost of Veiltonx the Covert, a novice SpEn of Okawaru (D:6)
  10 freezing wraiths
  A battlemage (Vaults:5)
  A spiny frog (shapeshifter) (Vaults:5)
  A rime drake (shapeshifter) (Elf:3)
  2 rime drakes
  3 ancient zymes
  7 komodo dragons
  4 demonic crawlers
  37 yaktaurs
  An efreet (Volcano)
  2 guardian mummies (Crypt:3)
  An ice devil (WizLab)
  An iron troll skeleton (Crypt:1)
  22 merfolk
  A polar bear (shapeshifter) (Abyss:1)
  2 tengu conjurers
  A troll (shapeshifter) (D:15)
  12 trolls
  A red devil (Depths:2)
  A queen bee (D:8)
  A polar bear (Lair:4)
  23 jumping spiders
  15 two-headed ogres
  A raiju (Abyss:3)
  15 blink frogs
  A tarantella zombie (Crypt:1)
  A wind drake (Shoals:2)
  A death drake skeleton (Crypt:2)
  61 slime creatures
  4 boulder beetles
  A bog body (Crypt:1)
  3 large abominations
  An ettin zombie (Crypt:3)
  6 air elementals
  A spriggan (shapeshifter) (Vaults:3)
  8 starcursed masses
  4 flying skulls
  2 ynoxinuls (WizLab)
  Sigmund (D:3)
  4 snapping turtles
  An ice dragon skeleton (Crypt:2)
  6 spriggans (D:7)
  2 shadows
  17 water elementals
  13 wraiths
  11 wyverns
  14 tarantellas
  60 redbacks
  43 yaks
  A dire elephant simulacrum (Crypt:2)
  2 hogs (Lair:6)
  A fire bat (Depths:3)
  7 fire elementals
  2 golden eyes (Slime:3)
  5 hungry ghosts
  A basilisk (shapeshifter) (Vaults:3)
  3 basilisks
  2 chaos spawn
  A neqoxec (Abyss:3)
  9 hippogriffs
  A steam dragon (D:11)
  9 wargs
  10 vampire mosquitoes
  2 mottled dragons (D:14)
  5 small abominations
  A swamp worm (shapeshifter) (Depths:4)
  14 water moccasins
  9 soldier ants (Lair:3)
  3 soldier ants (shapeshifter)
  6 hell hounds
  4 porcupines
  A giant eyeball (Depths:4)
  29 orc warriors
  A manticore zombie (Crypt:3)
  A black bear (D:9)
  A slave (D:9)
  4 eyes of draining
  3 ice beasts
  2 snapping turtle zombies (Crypt:3)
  4 sky beasts
  An eye of draining (shapeshifter) (Depths:1)
  14 necrophages
  2 boggarts (Vaults:3)
  6 wasps
  An anubis guard skeleton (Crypt:1)
  13 wolves
  32 ogres
  23 centaurs
  7 crocodiles
  2 big kobolds
  21 giant frogs
  4 earth elementals
  An elf zombie (Crypt:1)
  A wyvern skeleton (Crypt:3)
  3 scorpions
  34 killer bees
  4 electric eels
  7 wights
  7 howler monkeys
  A wolf zombie (Crypt:2)
  18 crimson imps
  2 lava snakes
  2 giant frog zombies
  5 quasits
  15 orc priests
  Crazy Yiuf (D:3)
  6 hounds
  21 jellies
  An iron imp (Depths:3)
  15 orc wizards
  3 centaur skeletons
  A giant frog skeleton (D:14)
  9 iguanas
  6 hell rats (Lair:3)
  48 worker ants
  11 sheep
  A dwarf zombie (Crypt:2)
  A dwarf skeleton (Crypt:2)
  A hound skeleton (Crypt:2)
  A worker ant zombie (D:6)
  3 gnolls (D:5)
  18 adders
  53 river rats
  5 shadow imps
  A white imp (Abyss:1)
  2 oozes
  2 adder skeletons
  An adder zombie (D:7)
  3 worms
  11 dart slugs
  4 giant geckos
  80 orcs
  A giant cockroach (D:1)
  9 goblins
  12 hobgoblins
  8 jackals
  11 kobolds
  4 quokkas
  A ball python (D:5)
  A ball python zombie (Crypt:1)
  10 bats
  A giant gecko skeleton (D:8)
  8 giant newts
  A gnoll skeleton (Crypt:1)
  An orc zombie (Crypt:3)
  2 quokka skeletons
  9 rats
  A butterfly (Lair:4)
  A crawling corpse (Elf:3)
  A fire vortex (Lair:6)
  A fungus (Lair:8)
  5 lost souls
  A lurking horror (Abyss:3)
  5 plants
  3 starspawn tentacles (Abyss:3)
  A withered plant (Crypt:3)
2155 creatures vanquished.

Vanquished Creatures (collateral kills)
  Dissolution (Slime:3)
  2 orbs of fire (Zot:5)
  An ancient lich (Zot:5)
  2 caustic shrikes (Depths:3)
  2 Killer Klowns
  The ghost of Mulkerokala the Grand Gadgeteer, a veteran HuWn of Pakellas (Depths:4)
  4 golden dragons
  A profane servitor (Crypt:3)
  Xtahua (Depths:3)
  An electric golem (Zot:3)
  2 bone dragons
  A Hellbinder (WizLab)
  A tentacled monstrosity (Zot:3)
  2 Orb Guardians (Zot:5)
  2 liches
  2 titans (Vaults:5)
  A tentacled starspawn (Abyss:3)
  A death cob (Zot:5)
  6 acid blobs
  An ancient champion (Crypt:2)
  2 shadow dragons
  A revenant (Crypt:1)
  4 azure jellies
  4 storm dragons
  4 frost giants
  5 fire giants
  2 draconian knights
  2 vault wardens (Vaults:5)
  2 deep elf sorcerers
  6 ghost moths
  A ghost moth (shapeshifter) (Vaults:4)
  A curse skull (Crypt:3)
  A cacodemon (WizLab)
  A draconian scorcher (Zot:4)
  An orc warlord (Orc:2)
  The ghost of P0WERM0DE the Black Belt, a journeyman OpCK of Xom (Lair:7)
  A draconian zealot (Zot:2)
  4 stone giants
  7 ironheart preservers
  3 draconian shifters
  7 ghouls
  7 very ugly things
  An ophan (Depths:4)
  2 vampire knights
  A green draconian (Zot:3)
  4 deep elf annihilators
  6 black draconians
  A yellow draconian (Zot:4)
  A purple draconian (Zot:1)
  A mottled draconian (Zot:1)
  A spark wasp (shapeshifter) (D:15)
  2 spark wasps (Depths:2)
  2 red draconians
  A white draconian (Zot:1)
  A green death (WizLab)
  4 death oozes (Slime:6)
  A pearl dragon zombie (Depths:1)
  2 eidola
  2 blizzard demons
  5 ettins
  5 merfolk javelineers
  3 vault guards
  7 merfolk impalers
  A deep elf high priest (Vaults:5)
  5 jiangshi
  4 yaktaur captains
  9 fire dragons
  3 entropy weavers
  A quicksilver dragon zombie (Crypt:3)
  2 hydras
  6 ice dragons
  A centaur warrior (Depths:3)
  8 great orbs of eyes
  2 rakshasas
  A spriggan air mage (Depths:4)
  A merfolk avatar (Shoals:4)
  2 hell beasts (WizLab)
  An alligator snapping turtle (Depths:4)
  2 alligators (Depths:4)
  3 merfolk aquamancers (Shoals:4)
  2 catoblepae
  2 death knights
  A tengu warrior (D:15)
  A titan zombie (Crypt:3)
  2 ogre magi
  A hell hog (shapeshifter) (Vaults:5)
  2 deep troll earth magi (Depths:3)
  6 dancing weapons
  4 deep troll shamans
  3 death yaks (Lair:8)
  A spriggan berserker (Depths:3)
  5 vampire magi
  A hell hog (D:15)
  A storm dragon zombie (Crypt:3)
  A fire crab (Vaults:1)
  A soul eater (WizLab)
  9 skeletal warriors
  6 deep elf knights
  A salamander mystic (Depths:3)
  A shadow wraith (Vaults:4)
  A death drake (shapeshifter) (Depths:3)
  5 deep trolls
  An iron troll (Depths:4)
  An anaconda zombie (Crypt:3)
  4 unseen horrors
  6 phantasmal warriors (Crypt:3)
  A shadow dragon zombie (Crypt:2)
  3 sea snakes
  2 flayed ghosts
  3 deep elf archers
  A torturous demonspawn (Depths:2)
  3 orc knights
  A shadow dragon skeleton (Crypt:2)
  7 orb spiders
  5 harpies
  3 ironbrand convokers
  A shining eye (Slime:5)
  2 griffons (Lair:7)
  A necromancer (Vaults:4)
  A hornet (shapeshifter) (Vaults:2)
  A large abomination (Abyss:3)
  3 fauns (Shoals:3)
  18 deep elf magi
  A frost giant zombie (Crypt:3)
  An orc sorcerer (Elf:2)
  2 cyclopes
  8 ugly things
  9 moths of wrath
  3 wolf spiders
  A hornet (Vaults:1)
  A worldbinder (Abyss:3)
  An elephant (Lair:8)
  4 manticores
  4 black mambas
  3 vault sentinels
  An apis skeleton (Depths:1)
  2 sirens (Shoals:3)
  A rust devil (WizLab)
  2 water nymphs
  A molten gargoyle (Volcano)
  4 spiny frogs
  12 yaktaurs
  A shock serpent skeleton (Crypt:2)
  A torpor snail (Lair:8)
  A hellion (WizLab)
  A rime drake (Lair:1)
  An ice devil (WizLab)
  5 freezing wraiths
  An efreet (Depths:4)
  3 demonic crawlers
  An ancient zyme (Abyss:1)
  A red devil (WizLab)
  2 tengu conjurers
  7 merfolk
  6 jumping spiders
  A troll (Vaults:2)
  A polar bear (Lair:4)
  3 wind drakes
  2 jumping spiders (shapeshifter)
  A queen bee (shapeshifter) (Depths:2)
  11 blink frogs
  3 two-headed ogres
  A hydra skeleton (Crypt:1)
  2 boulder beetles (Lair:8)
  A raiju (Depths:4)
  4 snapping turtles
  A blink frog (shapeshifter) (Vaults:2)
  33 slime creatures
  A bog body (Crypt:3)
  An ushabti (Crypt:3)
  A vampire (D:15)
  A ynoxinul (Depths:2)
  4 flying skulls
  12 tarantellas
  7 water elementals
  11 yaks
  20 redbacks
  A spriggan (Lair:5)
  3 wyverns
  A wraith (Crypt:3)
  3 fire bats
  A hill giant zombie (Crypt:1)
  4 hippogriffs
  A small abomination (Abyss:1)
  3 golden eyes (Slime:3)
  A hog (Lair:6)
  A steam dragon (D:14)
  A basilisk (shapeshifter) (Depths:5)
  4 vampire mosquitoes
  A fire elemental (Abyss:2)
  A golden eye (shapeshifter) (Vaults:2)
  A harpy simulacrum (Depths:4)
  2 soldier ants (Lair:3)
  2 hell hounds
  3 water moccasins
  4 porcupines
  A torturous demonspawn skeleton (Crypt:1)
  9 orc warriors
  A wasp (Lair:5)
  2 eyes of draining
  6 ogres
  3 necrophages
  7 wolves
  5 centaurs
  A crocodile (Lair:5)
  4 giant frogs
  2 wyvern skeletons (Crypt:3)
  A scorpion (D:12)
  3 killer bees (D:8)
  4 electric eels
  5 crimson imps
  2 starcursed masses
  4 orc priests (Orc:2)
  A human zombie (Crypt:3)
  2 hounds
  10 jellies
  A centaur skeleton (D:11)
  An iguana (Lair:1)
  10 orc wizards
  7 worker ants
  4 sheep
  A howler monkey skeleton (D:10)
  4 adders
  33 river rats
  2 shadow imps
  2 white imps
  2 giant geckos
  19 orcs
  2 kobolds (D:11)
  2 rats (Lair:3)
  A bush (Depths:3)
  A crawling corpse (Elf:3)
  2 fungi (Lair:8)
  3 plants
  A spectral weapon (Depths:3)
  2 starspawn tentacles (Abyss:3)
  2 withered plants (Crypt:3)
759 creatures vanquished.

Vanquished Creatures (others)
  3 deep elf master archers (Elf:3)
  A ghost moth (Spider:4)
  2 stone giants
  A centaur warrior (Depths:3)
  2 deep elf knights
  An unseen horror (shapeshifter) (Depths:1)
  A wizard (Vaults:3)
  A deep elf archer (Elf:2)
  2 deep elf magi
  A wolf spider (Spider:4)
  A salamander (Depths:3)
  2 yaktaurs
  A kobold demonologist (WizLab)
  2 redbacks
  A boggart (Vaults:3)
  60 battlemagi
  3 ancestors
  A bush (Lair:8)
  53 fungi
  6 lost souls
  48 plants
  8 starspawn tentacles
  212 starspawn tentacle segments
  22 withered plants (Crypt:3)
435 creatures vanquished.

Grand Total: 3349 creatures vanquished

Notes
Turn   | Place    | Note
--------------------------------------------------------------
     0 | D:1      | MrRokkomies the Troll Monk began the quest for the Orb.
     0 | D:1      | Reached XP level 1. HP: 22/22 MP: 0/0
   176 | D:1      | Reached XP level 2. HP: 29/29 MP: 1/1
   749 | D:2      | Found a bloodstained altar of Trog.
   823 | D:2      | Found a shattered altar of Ashenzari.
   843 | D:2      | Reached XP level 3. HP: 35/36 MP: 2/2
  1485 | D:3      | Noticed Sigmund
  1517 | D:3      | Killed Sigmund
  1517 | D:3      | Reached skill level 5 in Unarmed Combat
  1517 | D:3      | Reached XP level 4. HP: 30/48 MP: 3/3
  1517 | D:3      | Reached XP level 5. HP: 34/54 MP: 4/4
  1579 | D:3      | Found a shimmering altar of Xom.
  1727 | D:3      | Noticed Crazy Yiuf
  1731 | D:3      | Killed Crazy Yiuf
  1731 | D:3      | Reached XP level 6. HP: 62/62 MP: 5/5
  1879 | D:3      | Reached skill level 6 in Unarmed Combat
  2092 | D:3      | Found an oddly glowing altar of Pakellas.
  2410 | D:4      | Found a deep blue altar of Sif Muna.
  2719 | D:4      | Found a basalt altar of Yredelemnul.
  2720 | D:4      | Found a shattered altar of Ashenzari.
  2811 | D:4      | Reached skill level 5 in Fighting
  2811 | D:4      | Reached XP level 7. HP: 32/72 MP: 6/6
  2988 | D:4      | Reached skill level 7 in Unarmed Combat
  3404 | D:5      | Entered Level 5 of the Dungeon
  3461 | D:5      | Found a hide-covered altar of Uskayaw.
  3560 | D:5      | Found a stormy altar of Qazlal.
  3560 | D:5      | Found a glowing golden altar of the Shining One.
  4156 | D:5      | Reached XP level 8. HP: 80/80 MP: 7/7
  4380 | D:6      | Found a glowing silver altar of Zin.
  4434 | D:6      | Reached skill level 8 in Unarmed Combat
  4456 | D:6      | Found an iron altar of Okawaru.
  4650 | D:6      | Reached skill level 5 in Dodging
  4652 | D:6      | Found a shadowy altar of Dithmenos.
  4671 | D:6      | Noticed Veiltonx's ghost (novice SpEn)
  4714 | D:6      | Killed Veiltonx's ghost
  4714 | D:6      | Reached skill level 9 in Unarmed Combat
  4827 | D:6      | Found a sacrificial altar of Ru.
  4945 | D:6      | Reached XP level 9. HP: 87/88 MP: 8/8
  5008 | D:7      | Found Wewub's Armour Boutique.
  5130 | D:7      | Reached skill level 10 in Unarmed Combat
  5383 | D:7      | Found a blossoming altar of Fedhas.
  5400 | D:7      | Found an opulent altar of Gozag.
  5614 | D:7      | Reached XP level 10. HP: 90/96 MP: 9/9
  5709 | D:7      | Found a staircase to the Ecumenical Temple.
  5715 | Temple   | Entered the Ecumenical Temple
  5755 | Temple   | Became a worshipper of Hepliaklqana
  5755 | Temple   | Reached * piety under Hepliaklqana
  5755 | Temple   | Reached ** piety under Hepliaklqana
  6071 | D:8      | Reached skill level 1 in Throwing
  6235 | D:8      | Found an ancient bone altar of Kikubaaqudgha.
  6430 | D:8      | Found a white marble altar of Elyvilon.
  6834 | D:9      | Noticed Pikel
  6850 | D:9      | Killed Pikel
  6853 | D:9      | Noticed Maurice
  6865 | D:9      | Killed Maurice
  7012 | D:9      | Found Ceud's Assorted Antiques.
  7018 | D:9      | Reached *** piety under Hepliaklqana
  7038 | D:9      | Bought a fuming orange potion for 24 gold pieces
  7038 | D:9      | Bought a sharpened lead wand for 108 gold pieces
  7268 | D:9      | Reached skill level 5 in Throwing
  7307 | D:9      | Found a bloodstained altar of Trog.
  7384 | D:9      | Found a staircase to the Orcish Mines.
  7498 | D:10     | Entered Level 10 of the Dungeon
  7510 | D:10     | Noticed a gargoyle
  7522 | D:10     | Killed a gargoyle
  7618 | D:10     | Found Tiuw's Jewellery Emporium.
  7725 | D:10     | Reached XP level 11. HP: 107/109 MP: 10/10
  7854 | D:10     | Bought an uncursed ring of poison resistance for 300 gold pieces
  7880 | D:10     | Found Mieggan's Weapon Shop.
  7918 | D:10     | Found Hisch's Book Boutique.
  7936 | D:10     | Found Qebium's Magic Scroll Boutique.
  8043 | D:10     | Found Giafatt's Gadget Shoppe.
  8231 | D:11     | Noticed a hill giant
  8246 | D:11     | Killed a hill giant
  8286 | D:11     | Found a staircase to the Lair.
  8347 | D:11     | Found a radiant altar of Vehumet.
  8353 | D:11     | Noticed a hill giant
  8360 | D:11     | Killed a hill giant
  8458 | D:11     | Noticed haldagan's ghost (journeyman DsMo)
  8481 | D:11     | Killed haldagan's ghost
  9129 | Lair:1   | Entered Level 1 of the Lair of Beasts
  9129 | Lair:1   | Noticed an eight-headed hydra
  9133 | D:11     | Identified a scroll of acquirement
  9170 | D:12     | Reached **** piety under Hepliaklqana
  9220 | D:12     | Killed an unseen horror
  9220 | D:12     | Reached skill level 1 in Shields
  9352 | D:12     | Found a radiant altar of Vehumet.
  9386 | D:12     | Noticed Frances
  9441 | D:12     | Killed Frances
  9441 | D:12     | Reached XP level 12. HP: 126/126 MP: 11/11
  9443 | D:12     | Remembered your ancestor Bonnie as a battlemage
  9779 | D:12     | Noticed Psyche
  9781 | D:12     | Killed Psyche
  9781 | D:12     | Reached skill level 10 in Fighting
  9937 | Lair:1   | Killed an eight-headed hydra
  9982 | Lair:1   | Reached skill level 1 in Evocations
 10434 | Lair:1   | Reached skill level 5 in Shields
 10832 | Lair:1   | Noticed a four-headed hydra
 10842 | Lair:1   | Killed a four-headed hydra
 11455 | Lair:2   | Reached ***** piety under Hepliaklqana
 12340 | Lair:3   | Noticed a six-headed hydra
 12354 | Lair:3   | Killed a six-headed hydra
 12387 | Lair:3   | Noticed a queen ant
 12403 | Lair:3   | Killed a queen ant
 12455 | Lair:3   | Reached XP level 13. HP: 116/133 MP: 15/15
 12535 | Lair:3   | Gained mutation: You have a pair of small horns on your head. [potion of beneficial mutation]
 12897 | Lair:3   | Reached skill level 5 in Evocations
 12922 | Lair:3   | Found a staircase to the Shoals.
 13221 | Lair:4   | Found a dark tunnel.
 13256 | Volcano  | Entered a volcano
 13522 | Volcano  | Found a burning altar of Makhleb.
 14740 | Lair:5   | Reached ****** piety under Hepliaklqana
 15502 | Lair:6   | Found a hole to the Spider Nest.
 15634 | Lair:6   | Noticed Maud
 15645 | Lair:6   | Killed Maud
 15666 | Lair:6   | Reached skill level 5 in Invocations
 15666 | Lair:6   | Reached XP level 14. HP: 113/143 MP: 18/18
 15764 | Lair:6   | Noticed Kirke
 15892 | Lair:6   | Killed Kirke
 16529 | Lair:7   | Noticed P0WERM0DE's ghost (journeyman OpCK)
 16546 | Lair:7   | Killed P0WERM0DE's ghost
 16746 | Lair:7   | Reached skill level 11 in Unarmed Combat
 16987 | Lair:7   | Found a blossoming altar of Fedhas.
 17487 | Lair:8   | Entered Level 8 of the Lair of Beasts
 17525 | Lair:8   | Gained mutation: You regenerate. [potion of beneficial mutation]
 17744 | Lair:8   | Reached XP level 15. HP: 149/149 MP: 20/20
 17794 | Lair:8   | Remembered your ancestor Bonnie casting Bolt of Magma
 17909 | Lair:8   | Reached skill level 12 in Unarmed Combat
 18729 | Lair:8   | Reached skill level 13 in Unarmed Combat
 18926 | Lair:8   | Found a runed door.
 18926 | Lair:8   | Found a viscous altar of Jiyva.
 18927 | Lair:8   | Noticed an azure jelly
 18927 | Lair:8   | Noticed an azure jelly
 18930 | Lair:8   | Found a staircase to the Slime Pits.
 18930 | Lair:8   | Noticed an azure jelly
 18931 | Lair:8   | Noticed an azure jelly
 19434 | Orc:1    | Entered Level 1 of the Orcish Mines
 19434 | Orc:1    | Found a roughly hewn altar of Beogh.
 19850 | Orc:2    | Entered Level 2 of the Orcish Mines
 19950 | D:9      | Reached skill level 10 in Evocations
 19986 | D:10     | Bought a +2 rod of clouds (10/10) for 1020 gold pieces
 20154 | Orc:2    | Found a staircase to the Elven Halls.
 20203 | Orc:2    | Found a roughly hewn altar of Beogh.
 20220 | Orc:2    | Found Poepn's Food Shop.
 20537 | Orc:2    | Found a roughly hewn altar of Beogh.
 20708 | Orc:2    | Noticed an orc warlord
 20745 | Orc:2    | Killed an orc warlord
 20841 | Orc:2    | Paralysed by an orc sorcerer for 3 turns
 20859 | Orc:2    | Paralysed by an orc sorcerer for 6 turns
 20870 | Orc:2    | Noticed an orc warlord
 20884 | Orc:2    | Killed an orc warlord
 20929 | Orc:2    | Found Qovvuk's Antique Weapon Boutique.
 20931 | Orc:2    | Found Onialeto's Antique Armour Shop.
 20931 | Orc:2    | Found a roughly hewn altar of Beogh.
 21035 | Orc:2    | Found a roughly hewn altar of Beogh.
 21100 | Orc:2    | Found a roughly hewn altar of Beogh.
 21248 | Orc:2    | Found a roughly hewn altar of Beogh.
 21251 | Orc:2    | Found Otiheep's Magic Scroll Boutique.
 21505 | D:13     | Reached XP level 16. HP: 158/158 MP: 22/22
 21541 | D:13     | Reached skill level 14 in Unarmed Combat
 22075 | D:13     | Found a gate to the Vaults.
 22555 | D:14     | Noticed Azrael
 22579 | D:14     | Killed Azrael
 23418 | D:15     | Entered Level 15 of the Dungeon
 23834 | D:15     | Reached skill level 15 in Unarmed Combat
 24376 | D:15     | Found a staircase to the Depths.
 24810 | Spider:1 | Entered Level 1 of the Spider Nest
 24843 | Spider:1 | Noticed Aizul
 24855 | Spider:1 | Killed Aizul
 24873 | Spider:1 | Reached skill level 1 in Armour
 26078 | Spider:2 | Noticed Arachne
 26093 | Spider:2 | Killed Arachne
 26372 | Spider:3 | Noticed Nikola
 26388 | Spider:3 | Killed Nikola
 26388 | Spider:3 | Reached XP level 17. HP: 76/172 MP: 23/23
 26728 | Spider:3 | Reached skill level 5 in Armour
 27017 | Spider:3 | Got a faintly glowing robe
 27028 | Spider:3 | Identified the +2 robe of Grace {rElec} (You acquired it on level 3 of the Spider Nest)
 27739 | Spider:4 | Entered Level 4 of the Spider Nest
 27886 | Spider:4 | Noticed Agnes
 27901 | Spider:4 | Killed Agnes
 28216 | Spider:4 | Noticed Wiglaf
 28229 | Spider:4 | Killed Wiglaf
 28331 | Spider:4 | Got a transparent cloak
 28342 | Spider:4 | Identified the -2 cloak of Leapfrog {rN+ rCorr Dex+2} (You acquired it on level 4 of the Spider Nest)
 28999 | Spider:4 | Got a gossamer rune of Zot
 29428 | D:10     | Bought a scroll of acquirement for 728 gold pieces
 29619 | Shoals:1 | Entered Level 1 of the Shoals
 30887 | Shoals:3 | Noticed flinch's ghost (adept FoFi)
 30923 | Shoals:3 | Killed flinch's ghost
 31266 | Shoals:3 | Reached XP level 18. HP: 103/185 MP: 24/24
 31533 | Shoals:3 | Reached skill level 16 in Unarmed Combat
 31738 | Shoals:4 | Entered Level 4 of the Shoals
 31928 | Shoals:4 | Reached skill level 10 in Dodging
 31992 | Shoals:4 | Got a faintly glowing cloak
 32003 | Shoals:4 | Identified the +0 cloak of Chimes {rC+} (You found it on level 4 of the Shoals)
 32138 | Shoals:4 | Noticed Ilsuiw
 32164 | Shoals:4 | Noticed Polyphemus
 32277 | Shoals:4 | Killed Polyphemus
 33010 | Shoals:4 | Killed Ilsuiw
 33220 | Shoals:4 | Got a barnacled rune of Zot
 33779 | Elf:1    | Entered Level 1 of the Elven Halls
 33904 | Elf:1    | Reached skill level 17 in Unarmed Combat
 34258 | Vaults:1 | Entered Level 1 of the Vaults
 34503 | Vaults:1 | Found Tiutawny's Weapon Boutique.
 34849 | Vaults:1 | Noticed Norris
 34865 | Vaults:1 | Killed Norris
 35254 | Vaults:1 | Reached XP level 19. HP: 193/193 MP: 25/25
 35755 | Vaults:2 | Gained mutation: You are partially covered in rough black scales. (AC +4, Dex -1) [potion of beneficial mutation]
 35756 | Vaults:2 | Gained mutation: You are agile. (Dex +2) [potion of beneficial mutation]
 36670 | Vaults:2 | Reached skill level 10 in Throwing
 36685 | Vaults:2 | Learned a level 2 spell: Confusing Touch
 37355 | Vaults:2 | Found Deulas's Magic Scroll Shop.
 37541 | Vaults:3 | Found a staircase to the Crypt.
 37588 | Vaults:3 | Found Huagg's Jewellery Shoppe.
 37761 | Vaults:3 | Found Orghy's General Store.
 37999 | Vaults:3 | Found Wong's Magic Scroll Shop.
 38625 | Vaults:3 | Found Huniuci's Weapon Shoppe.
 38831 | Vaults:3 | Found Komyman's Food Boutique.
 39152 | Vaults:4 | Reached XP level 20. HP: 202/202 MP: 28/28
 39267 | Vaults:4 | Found Pyzaynn's Antique Weapon Emporium.
 39383 | Vaults:4 | Found Nouhel's Food Emporium.
 40076 | Vaults:4 | Found Huekedghaff's Antique Armour Emporium.
 40383 | Vaults:3 | Bought an uncursed ring of see invisible for 285 gold pieces
 40872 | Elf:1    | Identified the Almanac of Confrontation
 41570 | Elf:2    | Found a huge runed gate.
 41570 | Elf:2    | Found a huge runed gate.
 41570 | Elf:2    | Found a huge runed gate.
 41570 | Elf:2    | Found a huge runed gate.
 41572 | Elf:2    | Found a huge runed gate.
 42528 | Elf:3    | Entered Level 3 of the Elven Halls
 42645 | Elf:3    | Found Vabofadu's Distillery.
 42841 | Elf:3    | Cast into level 2 of the Abyss (a deep elf sorcerer)
 42843 | Abyss:2  | Found a corrupted altar of Lugonu.
 43065 | Elf:3    | Escaped the Abyss
 43463 | Elf:3    | Noticed Saint Roka
 43479 | Elf:3    | Killed Saint Roka
 43825 | Elf:3    | Reached XP level 21. HP: 141/210 MP: 30/30
 44271 | Elf:3    | Identified Niqo's Tome of Necromancy and Earth
 44274 | Elf:3    | Got a heavily runed sapphire amulet
 44275 | Elf:3    | Identified the amulet "Veeload" {Inacc Int+2} (You found it on level 3 of the Elven Halls)
 44307 | Elf:3    | Got a shimmering triple sword
 44308 | Elf:3    | Identified the +4 triple sword of Pyust {slice, Str+2} (You found it on level 3 of the Elven Halls)
 44518 | Elf:3    | Identified the Grimoire of Supportive Air
 44524 | Elf:3    | Learned a level 1 spell: Summon Butterflies
 44856 | Depths:1 | Entered Level 1 of the Depths
 44861 | Depths:1 | Paralysed by a great orb of eyes for 3 turns
 45312 | Depths:1 | Reached skill level 15 in Throwing
 45314 | Depths:1 | Found a basalt altar of Yredelemnul.
 45314 | Depths:1 | Noticed a profane servitor
 45348 | Depths:1 | Killed a profane servitor
 45931 | Depths:1 | Found a gateway to Hell.
 46103 | Depths:1 | Found a gateway to a ziggurat.
 46536 | Depths:2 | Found a one-way gate leading to the halls of Pandemonium.
 46553 | Depths:2 | Reached skill level 15 in Evocations
 46583 | Depths:2 | Found a one-way gate to the infinite horrors of the Abyss.
 46644 | Depths:2 | Found a magical portal.
 46652 | WizLab   | Entered The Hall of Kesmazeh the Hellbinder
 46653 | WizLab   | Upgraded the game from 0.19-a0-406-ge21436e to 0.19-a0-473-g3ac10ee
 46904 | WizLab   | Noticed haldagan's ghost (adept TeFi)
 46948 | WizLab   | Killed haldagan's ghost
 47185 | WizLab   | Found a burning altar of Makhleb.
 47226 | WizLab   | Identified a +2 rod of shadows (11/11) (You found it in a wizard's laboratory)
 47229 | WizLab   | Identified Sif Muna's Reference Book on Creation (You found it in a wizard's laboratory)
 47276 | WizLab   | Identified a +4 rod of shadows (10/10) (You found it in a wizard's laboratory)
 47346 | Depths:2 | Upgraded the game from 0.19-a0-473-g3ac10ee to 0.19-a0-496-g61814d3
 47712 | Depths:2 | Reached XP level 22. HP: 172/223 MP: 32/32
 47749 | Depths:2 | Noticed a juggernaut
 47766 | Depths:2 | Killed a juggernaut
 48374 | Depths:3 | Noticed Sojobo
 48390 | Depths:3 | Killed Sojobo
 48459 | Depths:3 | Noticed Asterion
 48473 | Depths:3 | Killed Asterion
 48744 | Depths:3 | Noticed a caustic shrike
 48752 | Depths:3 | Killed a caustic shrike
 48792 | Depths:3 | Noticed a caustic shrike
 48798 | Depths:3 | Killed a caustic shrike
 49450 | Depths:3 | Noticed Xtahua
 49464 | Depths:3 | Killed Xtahua
 49464 | Depths:3 | Reached skill level 15 in Fighting
 49598 | Depths:3 | Found Icepp's Assorted Antiques.
 49888 | Depths:4 | Noticed Mulkerokala's ghost (veteran HuWn)
 50306 | Depths:4 | Paralysed by a vampire knight for 6 turns
 50452 | Depths:4 | Paralysed by a giant eyeball for 4 turns
 50756 | Depths:4 | Found Huexupp's Food Shoppe.
 50778 | Depths:4 | Found a corrupted altar of Lugonu.
 50830 | Depths:4 | Killed Mulkerokala's ghost
 51328 | Depths:4 | Reached skill level 18 in Unarmed Combat
 51676 | Depths:5 | Entered Level 5 of the Depths
 51738 | Depths:5 | Reached XP level 23. HP: 219/234 MP: 33/33
 52097 | Depths:5 | Found a gate to the Realm of Zot.
 52116 | Depths:5 | Found a portal to a secret trove of treasure.
 52979 | Vaults:3 | Bought a +6 ring of slaying for 2732 gold pieces
 53242 | Depths:2 | Voluntarily entered the Abyss.
 53521 | Abyss:2  | Found a corrupted altar of Lugonu.
 53542 | Abyss:2  | Found a corrupted altar of Lugonu.
 53768 | Abyss:3  | Reached skill level 15 in Dodging
 53800 | Abyss:3  | Got an abyssal rune of Zot
 53907 | Depths:2 | Escaped the Abyss
 54199 | Crypt:1  | Entered Level 1 of the Crypt
 54566 | Crypt:1  | Reached skill level 19 in Unarmed Combat
 55721 | Crypt:3  | Entered Level 3 of the Crypt
 55881 | Crypt:3  | Found a staircase to the Tomb.
 56207 | Crypt:3  | Identified Oqyatum's Tome of Battle Magic
 56256 | Crypt:3  | Found a basalt altar of Yredelemnul.
 56476 | Crypt:3  | Reached XP level 24. HP: 233/243 MP: 29/33
 56515 | Crypt:3  | Learned a level 1 spell: Apportation
 56516 | Crypt:3  | Identified the Reference Book on Unstable Cold
 56519 | Crypt:3  | Identified Cigotuvi's Collected Works on Unholy Rituals and Transformation
 56837 | Crypt:3  | Reached skill level 20 in Unarmed Combat
 57874 | Vaults:5 | Entered Level 5 of the Vaults
 58858 | Vaults:5 | Got a pitted iron amulet
 58859 | Vaults:5 | Identified the amulet of the Pure Dances {Harm *Drain +Fly Str+4 Int+3} (You took it off a tengu reaver on level 5 of the Vaults)
 59065 | Vaults:5 | Reached XP level 25. HP: 211/252 MP: 33/33
 59300 | Vaults:5 | Got a silver rune of Zot
 59416 | Vaults:5 | Reached skill level 10 in Invocations
 60341 | Vaults:5 | Upgraded the game from 0.19-a0-496-g61814d3 to 0.19-a0-517-gd6a9987
 60679 | D:10     | Bought an uncursed ring of resist corrosion for 300 gold pieces
 60959 | Slime:1  | Entered Level 1 of the Pits of Slime
 61104 | Slime:3  | Noticed Dissolution
 61115 | Slime:3  | Killed Dissolution
 61531 | Slime:6  | Entered Level 6 of the Pits of Slime
 61685 | Slime:6  | Noticed the Royal Jelly
 61691 | Slime:6  | Killed the Royal Jelly
 61777 | Slime:6  | Got a slimy rune of Zot
 61899 | Slime:6  | Reached XP level 26. HP: 265/265 MP: 28/33
 62400 | Zot:1    | Entered Level 1 of the Realm of Zot
 62754 | Zot:1    | Reached skill level 21 in Unarmed Combat
 65405 | Zot:3    | Reached skill level 22 in Unarmed Combat
 66125 | Zot:4    | Noticed an orb of fire
 66142 | Zot:4    | Killed an orb of fire
 66142 | Zot:4    | Reached XP level 27. HP: 229/282 MP: 33/33
 67058 | Orc:2    | Bought 2 scrolls of enchant armour for 210 gold pieces
 67058 | Orc:2    | Bought a scroll of enchant armour for 105 gold pieces
 67058 | Orc:2    | Bought a scroll of acquirement for 728 gold pieces
 67061 | Orc:2    | Got a distressingly furry cloak
 67062 | Orc:2    | Identified the +0 cloak "Ifoti" {rPois Dex+2} (You acquired it on level 2 of the Orcish Mines)
 67415 | Depths:5 | You paid a toll of a +2 gold dragon armour to enter a treasure trove
 67416 | Trove    | Entered a treasure trove
 67447 | Trove    | Got an ichor-stained triple crossbow
 67456 | Trove    | Identified the +5 triple crossbow "Vuddesk" {elec, Dex+4} (You found it in a treasure trove)
 67462 | Trove    | Got an ancient great mace
 67463 | Trove    | Identified the +3 great mace of Terra Cotta {pain, MP+9 Int+6} (You found it in a treasure trove)
 67466 | Trove    | Got a scorched glaive
 67467 | Trove    | Identified the cursed +1 glaive "Nemaot" {flame, rElec} (You found it in a treasure trove)
 67470 | Trove    | Got a crude lajatang
 67471 | Trove    | Identified the cursed +1 lajatang of the Sky {vamp, rElec rF+++ MP-9} (You found it in a treasure trove)
 67478 | Trove    | Got a scorched greatsling
 67479 | Trove    | Identified the +3 greatsling of Pobedus {freeze, rElec rC+} (You found it in a treasure trove)
 67622 | Zot:5    | Entered Level 5 of the Realm of Zot
 68002 | Zot:5    | Reached skill level 23 in Unarmed Combat
 68328 | Zot:5    | Noticed an orb of fire
 68338 | Zot:5    | Killed an orb of fire
 68405 | Zot:5    | Noticed an orb of fire
 68411 | Zot:5    | Gained mutation: You are frail. (-10% HP) [an orb of fire]
 68413 | Zot:5    | Killed an orb of fire
 68419 | Zot:5    | Noticed an orb of fire
 68428 | Zot:5    | Killed an orb of fire
 68436 | Zot:5    | Noticed an ancient lich
 68442 | Zot:5    | Noticed an orb of fire
 68453 | Zot:5    | Killed an orb of fire
 68457 | Zot:5    | Killed an ancient lich
 68468 | Zot:5    | Noticed an orb of fire
 68492 | Zot:5    | Killed from afar by an orb of fire

Vault maps used:
D:1:      dpeg_arrival_water_temple_mockup
D:2:      lemuel_crystal_altar, evilmike_ruin_ashenzari
D:3:      overflow_temple_1_default, nicolae_overflow_crystal_walls,
          first_bread, uniq_crazy_yiuf_cottage, uniq_sigmund
D:4:      old_standard_altar, gammafunk_temple_overflow_pools,
          kennysheep_small_square
D:5:      kennysheep_slugbush, overflow_temple_1_default,
          gammafunk_temple_overflow_elements
D:6:      nicolae_dithmenos_through_a_glass_darkly, okawaru_altar_gauntlet_db,
          lemuel_round_altar, mrwooster_statue_mirror,
          nicolae_ru_the_path_less_chosen
D:7:      forest_paths, grunt_gozag_statues, minmay_temple_entry_fiery,
          serial_shops, shop, basic_altar
D:8:      marbit_many_paths, elyvilon_altar_4, david_nohive_1
D:9:      orc_0_dummy, serial_shops, shop_statue, trog_hazing_becter,
          uniq_pikel, uniq_maurice
D:10:     serial_shops, shop_fountains, shop_statue,
          nicolae_shop_competitors_out_of_business, nicolae_shop_statue_plus,
          kennysheep_little_box, hangedman_abyss_or_decor_stagger
D:11:     david_lair_shrubbed, basic_altar
D:12:     basic_altar, uniq_psyche, uniq_frances
D:13:     hangedman_vaults_entry_quadrant_bands
D:14:     minmay_misc_feat_roman, uniq_azrael
D:15:     hangedman_depths_entry_try_elsewhere_first, serial_glass,
          glass_columns_b, glass_columns_b
Temple:   temple_island_7
Lair:1:   wad_woods_structure_01
Lair:2:   serial_bayou_shore_b
Lair:3:   kennysheep_abandoned_house, shoals_dummy_entry, zaba_anthell,
          lemuel_fruit_tree
Lair:4:   nicolae_volcano_entry_lava_flow, lemuel_fruit_fields,
          infiniplex_staircase_pool
Lair:5:   grunt_forest_large_clearings
Lair:6:   spider_nest_entry_rubble, minivault_26, nicolae_quartered_pool_little,
          grunt_megastairs_5, uniq_maud, uniq_kirke
Lair:7:   tgw_fedhas
Lair:8:   hangedman_lair_tendril_chambers, slime_altar_2, hibernation_bobbens
Shoals:2: nicolae_shoals_island_circles
Shoals:3: nicolae_shoals_siren_and_animal_friends
Shoals:4: shoals_end_grunt_ice, shoals_ilsuiw_alternative, uniq_polyphemus
Spider:1: uniq_aizul
Spider:2: hangedman_spider_tarantella_strand, uniq_arachne
Spider:3: nicolae_spider_cling_halls, uniq_nikola
Spider:4: spider_rune_water, uniq_wiglaf, uniq_agnes
Slime:3:  nicolae_slime_round_cave, uniq_dissolution
Slime:4:  nicolae_slime_barrier
Orc:1:    basic_altar
Orc:2:    grunt_orc_community_town_hall, grunt_orc_community_big_house_2,
          grunt_orc_community_big_house_2, grunt_orc_community_house_2,
          grunt_orc_community_house_2, grunt_orc_community_house_1,
          grunt_orc_community_house_3, grunt_orc_community_house_3
Elf:1:    minmay_elf_arrival_circle, minmay_elf_annihilation,
          minmay_misc_feat_five
Elf:2:    minmay_misc_feat_alley, grunt_megastairs_1
Elf:3:    minmay_elf_hall, serial_shops, shop, uniq_saint_roka
Vaults:1: ontoclasm_vaults_idyll, vaults_room_pool, v_misc_8,
          hangedman_vaults_locks, ontoclasm_vaults_claustrophobia,
          vaults_dpeg_diagonal, vaults_room_fancy_cross, v_misc_26, st_lines,
          vaults_dpeg_doors, v_misc_28, serial_shops, shop, uniq_norris
Vaults:2: dpeg_vaults_monster_row, hangedman_vaults_stream, st_check,
          v_pattern_2, vaults_mumra_lcd, vaults_room_large_hall,
          ontoclasm_vaults_twist, nicolae_vaults_little_squares_2, serial_shops,
          nicolae_shop_behind_doors
Vaults:3: v_pattern_3, v_rooms_5, nicolae_vaults_rhombus_6, v_misc_5,
          vaults_room_pools, hangedman_vaults_cutoff,
          hangedman_vaults_corner_blocks, v_misc_33, vaults_mumra_hexcomb,
          nicolae_vaults_bisected_slash, minmay_crypt_entry_simple_sparse,
          nicolae_vaults_fighting_squares, hangedman_vaults_corner_blocks,
          v_misc_16, serial_shops, nicolae_shop_stone, shop_fountains, shop,
          shop, shop
Vaults:4: ontoclasm_vaults_tryst, nicolae_vaults_network_barrier,
          hangedman_vaults_impose, hangedman_vaults_snaps,
          ontoclasm_vaults_ligature, nicolae_vaults_little_squares_2,
          vaults_room_door_ring, serial_shops, shop,
          nicolae_shop_window_shopping, nicolae_shop_waterfront
Crypt:1:  grunt_ministairs_3, minivault_19
Crypt:3:  evilmike_haunted_forest
Depths:1: enter_ziggurat_a, hell_entry, minmay_misc_feat_tower, st_stairs_7,
          hangedman_blasphemy, firewood_loft
Depths:2: kennysheep_blocky_room, hangedman_abyss_entry_splay,
          infiniplex_enter_wizlab_glasses, hell_entry, rand_demon_pan_entry_9
Depths:3: kennysheep_large_spiral, pan_entry, serial_shops,
          nicolae_shop_overgrown_old_shop, grunt_hell_entry_dis_grunt,
          kennysheep_boxes, uniq_xtahua, uniq_sojobo, uniq_asterion
Depths:4: hangedman_opposites_gauntlet, pf_coc_iceberg, serial_shops, shop,
          abyss_entry_flame_altar, hangedman_abyss_or_decor_stabs,
          serial_bayou_shore_b, infiniplex_staircase_zigzag_3,
          basic_stair_grate_trap, grunt_megastairs_2
Depths:5: evilmike_zot_entry_basic, nicolae_trove_entry_crossroad,
          hangedman_geh_valley
Zot:1:    grunt_twist_and_shout, st_large_dragon_hoard_1
Zot:2:    grunt_ministairs_10, bh_zot_ikea_curve, lemuel_elevator
Zot:5:    hangedman_zot_diagonal_lockstep
Abyss:1:  grunt_abyss_exit_deep_breaths
Abyss:2:  evilmike_abyss_exit_smiterflies, minivault_28
Abyss:3:  nicolae_abyss_rune_left_handed, minivault_25
Trove:    trove_weapon_1
Volcano:  volcano_lake
WizLab:   wizlab_demon

Skill      XL: |  1  2  3  4  5  6  7  8  9 10 11 12 13 14 15 16 17 18 19 20 21 22 23 24 25 26 27 |
---------------+----------------------------------------------------------------------------------+-----
Fighting       | 4 5 7 9 10 12 13 14 15 16 18 19 | 19.4
Unarmed Combat | 5 6 7 9 10 11 13 15 17 18 19 20 22 23 | 23.8
Dodging        | 4 5 7 9 11 12 14 16 | 16.9
Throwing       | 5 8 11 14 15 16 17 | 17.0
Shields        | 3 6 8 9 |  9.2
Evocations     | 4 6 8 10 12 13 15 | 15.3
Invocations    | 5 9 13 | 13.0
Armour         | 4 7 |  7.0
Stealth        | |  1.1

Action                   |  1- 3 |  4- 6 |  7- 9 | 10-12 | 13-15 | 16-18 | 19-21 | 22-24 | 25-27 || total
-------------------------+-------+-------+-------+-------+-------+-------+-------+-------+-------++-------
Melee: Unarmed           |    80 |   119 |   292 |   838 |  1089 |  1703 |  1567 |  1564 |   968 ||  8220
       Punch             |       |     1 |    11 |    22 |       |       |       |       |       ||    34
       Headbutt          |       |       |       |       |   300 |   438 |   476 |   530 |   353 ||  2097
Throw: Javelin           |       |     3 |     3 |    33 |    66 |    78 |    11 |       |       ||   194
       Large rock        |       |       |       |       |    16 |    61 |   118 |    76 |    75 ||   346
Invok: Recall Ancestor   |       |       |       |     1 |     1 |     2 |     1 |       |     3 ||     8
       Ancestor Life: Ba |       |       |       |     1 |       |       |       |       |       ||     1
Battlemage: Bolt         |       |       |       |       |     1 |       |       |       |       ||     1
       Idealise          |       |       |       |       |       |     1 |       |     5 |     5 ||    11
       Transference      |       |       |       |       |       |       |     2 |     4 |     5 ||    11
 Abil: Evoke Berserk Rag |       |       |     1 |     4 |     3 |       |       |       |       ||     8
Evoke: Wand              |       |       |       |     4 |       |     2 |    10 |     6 |     4 ||    26
       Phial of floods   |       |       |       |     1 |       |     1 |       |       |       ||     2
       Rod               |       |       |       |       |     4 |    15 |    13 |    10 |     5 ||    47
       Sack of spiders   |       |       |       |       |       |     2 |     2 |     1 |       ||     5
       Fan of gales      |       |       |       |       |       |     1 |     1 |     2 |       ||     4
       Phantom mirror    |       |       |       |       |       |       |     1 |       |       ||     1
  Use: Scroll            |     7 |     2 |     7 |    16 |     9 |    18 |    18 |     6 |    22 ||   105
       Potion            |       |       |       |     2 |     8 |     7 |     6 |     3 |     6 ||    32
 Stab: Sleeping          |     4 |       |     3 |     7 |     8 |     3 |       |       |       ||    25
       Distracted        |       |       |       |     6 |    17 |    31 |    31 |    27 |    29 ||   141
       Confused          |       |       |       |       |     1 |     3 |       |       |       ||     4
       Invisible         |       |       |       |       |       |     1 |       |       |       ||     1
       Petrified         |       |       |       |       |       |       |       |     1 |       ||     1
  Eat: Chunk             |    17 |    12 |    30 |    66 |    91 |   124 |   112 |    74 |    68 ||   594
       Beef jerky        |       |       |       |     1 |       |     1 |       |       |     1 ||     3
       Pizza             |       |       |       |     1 |       |       |       |       |       ||     1
       Meat ration       |       |       |       |       |     1 |     2 |     2 |     6 |       ||    11
       Bread ration      |       |       |       |       |       |     1 |       |       |     4 ||     5
Armor: Robe              |    23 |    43 |    78 |   157 |   117 |    21 |       |       |       ||   439
       Mottled dragon ar |       |       |       |       |       |   410 |   258 |   208 |   171 ||  1047
Dodge: Dodged            |    34 |    63 |   146 |   412 |   259 |   551 |   457 |   497 |   364 ||  2783
Block: Large shield      |       |       |       |   238 |   862 |  1531 |  1378 |  1356 |   716 ||  6081
       Reflection        |       |       |       |       |       |       |    53 |    57 |    12 ||   122
